 Dungeon Crawl Stone Soup version 0.30.0-30-g96aa6591b8 (webtiles) character file.

Game seed: 16394672158249585202

26101 croobank the Blocker (level 13, -7/104 HPs)
             Began as a Gnoll Fighter on June 29, 2023.
             Was a Priest of Ignis.
             Mangled by a cane toad (8 damage)
             ... while petrified by a catoblepas
             ... on level 3 of the Lair of Beasts on June 30, 2023.
             The game lasted 01:30:18 (20581 turns).

croobank the Blocker (Gnoll Fighter)               Turns: 20581, Time: 01:30:19

Health: -7/104     AC: 11    Str: 26    XL:     13   Next: 23%
Magic:  25/25      EV:  2    Int: 13    God:    Ignis [***...]
Gold:   804        SH:  0    Dex: 11    Spells: 22/28 levels left

rFire   + + .        a - +4 war axe (protect)
rCold   + . .        c - +0 buckler
rNeg    + + +        N - +0 leather armour {Will+}
rPois   ∞            m - +2 helmet
rElec   .            (no cloak)
rCorr   .            S - +2 pair of gloves
SInv    .            (no boots)
Will    +....        e - amulet of magic regeneration
Stlth   +++          j - ring "Wastair" {+Blink rF+ rC+ Int+4}
HPRegen 0.37/turn    W - +6 ring of strength
MPRegen 0.59/turn

%: no passive effects
@: petrified
A: fangs 1, strong nose, distributed training
a: Renounce Religion, Evoke Blink, Fiery Armour, Foxfire Swarm, Rising Flame


You were on level 3 of the Lair of Beasts.
You worshipped Ignis.
Ignis was most pleased with you.
You visited 2 branches of the dungeon, and saw 16 of its levels.
You also visited: Bailey.

You collected 1200 gold pieces.
You spent 396 gold pieces at shops.

Inventory:

Hand Weapons
 a - a +4 war axe of protection (weapon)
 n - a +3 dagger
 y - a +0 great sword
 E - a +2 morningstar of protection
 I - a +0 short sword of speed
 J - a +1 antimagic dagger
 L - a +0 long sword
 Y - a +2 dagger of speed
Missiles
 x - 9 poisoned darts
 z - a throwing net
 C - 23 javelins
 D - 13 boomerangs (quivered)
 G - 2 curare-tipped darts
Armour
 b - a +0 scale mail
 c - a +0 buckler (worn)
 m - a +2 helmet (worn)
 F - the +1 robe of Leapfrog {rN+ Int-2 Dex+3}
   (You found it in a bailey)

   Int:       It affects your intelligence (-2).
   Dex:       It affects your dexterity (+3).
   rN:        It protects you from negative energy.
 M - a +0 kite shield
 N - a +0 leather armour of willpower (worn)
 O - a +0 troll leather armour
 S - a +2 pair of gloves (worn)
Jewellery
 e - an amulet of magic regeneration (around neck)
 j - the ring "Wastair" (left hand) {+Blink rF+ rC+ Int+4}
   (You found it on level 3 of the Dungeon)

   [ring of protection from cold]

   Int:       It affects your intelligence (+4).
   rF:        It protects you from fire.
   rC:        It protects you from cold.
   +Blink:    It lets you blink.
 r - a +6 ring of dexterity
 u - the ring "Zotuurak" {*Slow rElec Will+ AC+4 Str+2}
   (You took it off a centaur warrior on level 10 of the Dungeon)

   [ring of protection]

   AC:        It affects your AC (+4).
   Str:       It affects your strength (+2).
   rElec:     It insulates you from electricity.
   *Slow:     It may slow you when you take damage.
   Will:      It increases your willpower.
 T - a ring of protection from cold
 W - a +6 ring of strength (right hand)
 X - a ring of willpower
Wands
 A - a wand of flame (20)
 B - a wand of mindburst (6)
 Q - a wand of iceblast (8)
 V - a wand of polymorph (10)
Scrolls
 f - 3 scrolls of teleportation
 k - 3 scrolls of immolation
 o - 2 scrolls of butterflies
 q - a scroll of amnesia
 t - 4 scrolls of poison
 w - a scroll of silence
 H - a scroll of magic mapping
 P - a scroll of vulnerability
 R - a scroll of brand weapon
 U - 2 scrolls of blinking
Potions
 d - 5 potions of flight
 g - 9 potions of brilliance
 h - 4 potions of cancellation
 i - 6 potions of ambrosia
 l - 5 potions of lignification
 p - a potion of attraction
 s - 5 potions of magic
 v - 2 potions of haste
 K - 2 potions of resistance
Miscellaneous
 Z - a phantom mirror


   Skills:
 + Level 10.7 Fighting
 + Level 8.4 Short Blades
 + Level 8.4 Long Blades
 + Level 9.6 Axes
 + Level 8.4 Maces & Flails
 + Level 8.4 Polearms
 + Level 8.4 Staves
 + Level 8.4 Ranged Weapons
 + Level 8.4 Throwing
 + Level 10.7 Armour
 + Level 8.4 Dodging
 + Level 8.4 Stealth
 + Level 10.7 Shields
 + Level 8.4 Unarmed Combat
 + Level 8.4 Spellcasting
 + Level 7.0 Conjurations
 + Level 7.0 Hexes
 + Level 7.0 Summonings
 + Level 7.0 Necromancy
 + Level 7.0 Translocations
 + Level 7.0 Transmutations
 + Level 7.0 Fire Magic
 + Level 7.0 Ice Magic
 + Level 7.0 Air Magic
 + Level 7.0 Earth Magic
 + Level 7.0 Poison Magic
 + Level 9.2 Invocations
 + Level 8.4 Evocations


You had 22 spell levels left.
You knew the following spells:

 Your Spells              Type           Power      Damage    Failure   Level
a - Slow                  Hex            92%        N/A       1%          1
b - Poisonous Vapours     Pois/Air       46%        N/A       1%          2
c - Summon Guardian Gole  Hex/Summ       23%        N/A       2%          3

Your spell library contained the following spells:

 Spells                   Type           Power      Damage    Failure   Level
 Necrotise                Necr           92%        1d8       1%          1
 Blink                    Tloc           46%        N/A       1%          2
 Confusing Touch          Hex            23%        N/A       2%          3
 Gell's Gravitas          Tloc           23%        N/A       2%          3
 Inner Flame              Hex/Fire       23%        N/A       2%          3
 Mephitic Cloud           Conj/Pois/Air  23%        N/A       2%          3
 Teleport Other           Tloc           23%        N/A       2%          3
 Vampiric Draining        Necr           23%        2d7       2%          3
 Vhi's Electric Charge    Tloc/Air       46%        N/A       2%          3
 Anguish                  Hex/Necr       11%        N/A       9%          4
 Cause Fear               Hex            11%        N/A       9%          4
 Flame Wave               Conj/Fire      23%        2d8       9%          4
 Manifold Assault         Tloc           23%        N/A       9%          4
 Sticky Flame             Conj/Fire      23%        2d4       9%          4
 Agony                    Necr           23%        N/A       26%         5
 Arcjolt                  Conj/Air       11%        1d21      26%         5
 Freezing Cloud           Conj/Ice/Air   11%        6-21      26%         5
 Dispersal                Tloc           11%        N/A       80%         6
 Enfeeble                 Hex            11%        N/A       100%        7
 Orb of Destruction       Conj           11%        9d6       100%        7
 Spellforged Servitor     Conj/Summ      11%        N/A       100%        7
 Storm Form               Tmut/Air       11%        N/A       100%        7
 Maxwell's Capacitive Co  Air            11%        ∞         100%        8


Dungeon Overview and Level Annotations

Branches:
Dungeon (13/15)            Temple (0/1) D:4            Lair (2/5) D:8
 Shoals (0/4) Lair:3          Orc (0/2) D:9          Bailey (visited)
  Snake: Lair:2-3    Spider: Lair:2-3    Vaults: D:13-14

Altars:
Cheibriados
Gozag
Hepliaklqana
Makhleb
Okawaru
Vehumet
Xom
The Shining One
Ignis

Shops:
D:5 *   D:6 ?   D:9 *(   D:13 **


Innate Abilities, Weirdness & Mutations

You have very sharp teeth.
Your uncanny sense of smell can sniff out nearby items.
Your experience applies equally to all skills.


Message History

The helpless wolf fails to defend itself.
You slice the wolf!!
You kill the wolf!
You slash the wolf!
Your surroundings suddenly seem different. 2 harpies, a cane toad and a komodo dragon come into view.
Found 14 gold pieces.
Found a staircase to the Shoals.
The harpy screeches!
The komodo dragon hisses angrily.
You block the harpy's attack. The harpy completely misses you.
The harpy claws you but does no damage. You block the harpy's attack.
You have turned to stone.
The harpy claws you but does no damage. The harpy barely misses you.
The harpy claws you but does no damage. x2
The komodo dragon hisses menacingly.
The komodo dragon bites you!
The cane toad gives a loud, deep croak!
The harpy claws you but does no damage. The harpy barely misses you.
The harpy claws you but does no damage. The harpy claws you.
The komodo dragon bites you! The harpy claws you. x2
The harpy claws you but does no damage. x2; The harpy claws you. x2
The cane toad stings you. The komodo dragon bites you! The harpy claws you.
The harpy claws you!
The harpy claws you. x2; The cane toad stings you!!
The harpy claws you. The harpy claws you! The komodo dragon bites you!!
* * * LOW HITPOINT WARNING * * *
The cane toad stings you!
* * * LOW HITPOINT WARNING * * *
The harpy claws you but does no damage. The harpy claws you!
* * * LOW HITPOINT WARNING * * *
The harpy claws you.
* * * LOW HITPOINT WARNING * * *
The harpy claws you.
* * * LOW HITPOINT WARNING * * *
The harpy claws you.
* * * LOW HITPOINT WARNING * * *
The harpy claws you but does no damage. The komodo dragon barely misses you.
The harpy claws you!
* * * LOW HITPOINT WARNING * * *
The harpy claws you but does no damage. The cane toad stings you!
You die...

#.......#
####P#........#
#............##
#............#
#..........
#....$.....
###..........
#.....l......
#...@H......
#.#..HF~~.~~.
#...~~~~~~.
##..~#.#~..
##.~.>.~~.
.~~#.#~~. ..~~~
~~. #~.~ ~ ~.


You could see a komodo dragon, a cane toad and 2 harpies.

Vanquished Creatures
  Nessos (D:13)
  Erolcha (D:11)
  3 centaur warriors
  2 two-headed ogres (D:9)
  A deep elf pyromancer (D:12)
  An orc knight (D:11)
  2 ugly things
  2 cyclopes (D:11)
  A salamander (shapeshifter) (D:11)
  4 elephants (Lair:1)
  3 black mambas (Lair:1)
  A gargoyle (D:12)
  3 cane toads
  An efreet (D:11)
  2 unseen horrors (D:11)
  4 trolls
  Grinder (D:4)
  6 blink frogs
  Prince Ribbit (D:5)
  The ghost of jujuben the Insei, an amateur DjTm of Fedhas (D:4)
  A vampire (D:9)
  25 yaks
  4 wyverns
  A wraith (D:9)
  2 basilisks (D:13)
  A steam dragon (Lair:1)
  Menkaure (D:4)
  3 vampire mosquitoes (D:12)
  2 acid dragons
  Duvessa (D:7)
  15 orc warriors
  6 water moccasins
  3 black bears
  2 sky beasts (D:7)
  2 ogres
  2 wolves (Lair:3)
  2 centaurs
  A phantom (D:6)
  3 kobold brigands
  7 bullfrogs
  4 gnoll sergeants
  3 scorpions
  3 wights (D:10)
  Dowan (D:7)
  8 killer bees
  4 electric eels (D:11)
  2 jellies
  7 orc priests
  2 gnoll boudas
  4 hounds
  A sleepcap (D:5)
  17 orc wizards
  Natasha (thrice) (D:2)
  4 iguanas
  Robin (D:2)
  23 gnolls
  10 adders
  2 white imps
  2 ufetubi
  3 worms
  A dart slug (D:2)
  42 orcs
  3 ball pythons
  8 bats
  6 endoplasms
  2 giant cockroaches
  17 goblins
  11 hobgoblins
  5 jackals
  2 quokkas
  3 frilled lizards (D:1)
  28 kobolds
  3 rats
360 creatures vanquished.

Vanquished Creatures (others)
  A vampire (D:10)
  A basilisk (Lair:2)
  A wolf (Lair:3)
  An orc (D:8)
  15 foxfires (D:5)
19 creatures vanquished.

Grand Total: 379 creatures vanquished

Notes
Turn   | Place    | Note
-------+----------+-------------------------------------------
     0 | D:1      | croobank the Gnoll Fighter began the quest for the Orb.
     0 | D:1      | Reached XP level 1. HP: 23/23 MP: 1/1
   215 | D:1      | Reached XP level 2. HP: 29/29 MP: 2/2
  1084 | D:2      | Found a faded altar of an unknown god.
  1100 | D:2      | Reached XP level 3. HP: 35/35 MP: 2/4
  1104 | D:2      | Reached skill level 1 in Invocations
  1114 | D:2      | Prayed at the altar of an unknown god.
  1114 | D:2      | Became a worshipper of Ignis, the Dying Flame
  1143 | D:2      | Noticed Robin
  1153 | D:2      | Reached skill level 1 in Short Blades
  1153 | D:2      | Reached skill level 1 in Long Blades
  1153 | D:2      | Reached skill level 1 in Maces & Flails
  1153 | D:2      | Reached skill level 1 in Polearms
  1153 | D:2      | Reached skill level 1 in Staves
  1153 | D:2      | Reached skill level 1 in Ranged Weapons
  1153 | D:2      | Reached skill level 1 in Throwing
  1153 | D:2      | Reached skill level 1 in Dodging
  1153 | D:2      | Reached skill level 1 in Stealth
  1153 | D:2      | Reached skill level 1 in Unarmed Combat
  1153 | D:2      | Reached skill level 1 in Spellcasting
  1153 | D:2      | Reached skill level 1 in Evocations
  1154 | D:2      | Killed Robin
  1155 | D:2      | Reached XP level 4. HP: 7/41 MP: 5/5
  1567 | D:2      | Noticed Natasha
  1579 | D:2      | Killed Natasha
  1580 | D:2      | Reached skill level 1 in Conjurations
  1580 | D:2      | Reached skill level 1 in Hexes
  1580 | D:2      | Reached skill level 1 in Summonings
  1580 | D:2      | Reached skill level 1 in Necromancy
  1580 | D:2      | Reached skill level 1 in Translocations
  1580 | D:2      | Reached skill level 1 in Transmutations
  1580 | D:2      | Reached skill level 1 in Fire Magic
  1580 | D:2      | Reached skill level 1 in Ice Magic
  1580 | D:2      | Reached skill level 1 in Air Magic
  1580 | D:2      | Reached skill level 1 in Earth Magic
  1580 | D:2      | Reached skill level 1 in Poison Magic
  2055 | D:2      | Noticed Natasha
  2065 | D:2      | Killed Natasha
  2066 | D:2      | Reached XP level 5. HP: 38/47 MP: 5/7
  2128 | D:2      | Noticed Natasha
  2136 | D:2      | Killed Natasha
  2229 | D:3      | Identified the ring "Wastair" {+Blink rF+ rC+ Int+4}
  3522 | D:4      | Reached XP level 6. HP: 53/53 MP: 8/8
  3549 | D:4      | Found a staircase to the Ecumenical Temple.
  3550 | D:4      | Noticed Menkaure
  3570 | D:4      | Killed Menkaure
  3571 | D:4      | Reached skill level 5 in Axes
  3691 | D:4      | Found a runed translucent door.
  3695 | D:4      | Noticed jujuben's ghost (amateur DjTm)
  3998 | D:4      | Noticed a black bear
  4002 | D:4      | Killed a black bear
  4003 | D:4      | Reached XP level 7. HP: 60/60 MP: 10/10
  4120 | D:4      | Noticed Grinder
  4135 | D:4      | Paralysed by Grinder for 2 turns
  4143 | D:4      | Killed Grinder
  4532 | D:4      | Killed jujuben's ghost
  4533 | D:4      | Reached XP level 8. HP: 67/67 MP: 12/12
  4576 | D:5      | Entered Level 5 of the Dungeon
  4579 | D:5      | Identified the +0 leather armour "Ampuonoli" {+Blink rF+
                  | rN+ Str-2}
  4671 | D:5      | Found Xootuod's CLEARANCE SALE!.
  4682 | D:5      | HP: 2/67 [ogre/+0 giant club (9)]
  4897 | D:5      | Bought a scroll of poison for 24 gold pieces
  5068 | D:5      | Noticed Prince Ribbit
  5086 | D:5      | Killed Prince Ribbit
  6351 | D:6      | Reached XP level 9. HP: 44/73 MP: 14/14
  6760 | D:6      | Found Akliaj's Magic Scroll Shop.
  6768 | D:6      | Bought a scroll of blinking for 90 gold pieces
  6768 | D:6      | Bought a scroll of identify for 24 gold pieces
  6768 | D:6      | Bought a scroll of identify for 24 gold pieces
  7408 | D:7      | Reached skill level 5 in Invocations
  7432 | D:7      | Found a flagged portal.
  7432 | D:7      | Found a sand-covered staircase.
  7481 | Bailey   | Entered a bailey
  7842 | Bailey   | Identified the +3 ring mail of Qeow {rElec rC- Dex+6}
  7880 | Bailey   | Reached skill level 5 in Short Blades
  7880 | Bailey   | Reached skill level 5 in Long Blades
  7880 | Bailey   | Reached skill level 5 in Maces & Flails
  7880 | Bailey   | Reached skill level 5 in Polearms
  7880 | Bailey   | Reached skill level 5 in Staves
  7880 | Bailey   | Reached skill level 5 in Ranged Weapons
  7880 | Bailey   | Reached skill level 5 in Throwing
  7880 | Bailey   | Reached skill level 5 in Dodging
  7880 | Bailey   | Reached skill level 5 in Stealth
  7880 | Bailey   | Reached skill level 5 in Unarmed Combat
  7880 | Bailey   | Reached skill level 5 in Spellcasting
  7880 | Bailey   | Reached skill level 5 in Evocations
  7880 | Bailey   | Reached XP level 10. HP: 68/81 MP: 17/17
  8379 | Bailey   | Identified the +1 robe of Leapfrog {rN+ Int-2 Dex+3}
  8569 | D:7      | Found an iron altar of Okawaru.
  8570 | D:7      | Found a glowing golden altar of the Shining One.
  8570 | D:7      | Found a hazy altar of Hepliaklqana.
  8570 | D:7      | Found a shimmering altar of Xom.
  8570 | D:7      | Found a radiant altar of Vehumet.
  8570 | D:7      | Found an opulent altar of Gozag.
  8570 | D:7      | Noticed Dowan
  8571 | D:7      | Noticed Duvessa
  8757 | D:7      | Killed Duvessa
  8766 | D:7      | Killed Dowan
  8872 | D:7      | You fall into a shaft and drop 2 floors!
  9053 | D:9      | Noticed a two-headed ogre
  9053 | D:9      | Noticed a two-headed ogre
 10000 | D:7      | Learned a level 1 spell: Slow
 10003 | D:7      | Learned a level 2 spell: Poisonous Vapours
 10845 | D:8      | Found a staircase to the Lair.
 11317 | D:9      | Reached skill level 5 in Conjurations
 11317 | D:9      | Reached skill level 5 in Hexes
 11317 | D:9      | Reached skill level 5 in Summonings
 11317 | D:9      | Reached skill level 5 in Necromancy
 11317 | D:9      | Reached skill level 5 in Translocations
 11317 | D:9      | Reached skill level 5 in Transmutations
 11317 | D:9      | Reached skill level 5 in Fire Magic
 11317 | D:9      | Reached skill level 5 in Ice Magic
 11317 | D:9      | Reached skill level 5 in Air Magic
 11317 | D:9      | Reached skill level 5 in Earth Magic
 11317 | D:9      | Reached skill level 5 in Poison Magic
 11328 | D:9      | Reached XP level 11. HP: 34/89 MP: 20/20
 11387 | D:9      | Found Xacil's Weapon Boutique.
 11388 | D:9      | Killed a two-headed ogre
 11388 | D:9      | Killed a two-headed ogre
 11556 | D:9      | Found Sumowny's Assorted Antiques.
 11559 | D:9      | Bought a bubbling black potion for 18 gold pieces
 11838 | D:9      | Found a staircase to the Orcish Mines.
 12179 | D:10     | Entered Level 10 of the Dungeon
 13003 | D:10     | Noticed a centaur warrior
 13345 | D:10     | Found a snail-covered altar of Cheibriados.
 13345 | D:10     | Found a burning altar of Makhleb.
 13347 | D:10     | Identified the ring "Zotuurak" {*Slow rElec Will+ AC+4
                  | Str+2}
 13347 | D:10     | Noticed a centaur warrior
 13369 | D:10     | Killed a centaur warrior
 13815 | D:10     | Killed a centaur warrior
 14854 | D:11     | Reached XP level 12. HP: 90/97 MP: 22/22
 15166 | D:11     | Noticed a centaur warrior
 15194 | D:11     | Killed a centaur warrior
 15207 | D:11     | Reached skill level 10 in Fighting
 15207 | D:11     | Reached skill level 10 in Armour
 15207 | D:11     | Reached skill level 10 in Shields
 15558 | D:11     | Noticed Erolcha
 15625 | D:11     | Killed Erolcha
 18013 | D:13     | Noticed Nessos
 18030 | D:13     | Killed Nessos
 18160 | D:13     | Found Zuyhuust's General Store.
 18692 | D:13     | Noticed a two-headed ogre
 18696 | D:13     | Found Raocubbi's Elemental Accessories.
 18703 | D:13     | Bought a wand of iceblast (6) for 216 gold pieces
 18810 | Lair:1   | Entered Level 1 of the Lair of Beasts
 19324 | Lair:1   | Reached XP level 13. HP: 101/104 MP: 25/25
 19760 | Lair:1   | Learned a level 3 spell: Summon Guardian Golem
 20555 | Lair:2   | You fall into a shaft and drop 1 floor!
 20576 | Lair:3   | Found a staircase to the Shoals.
 20581 | Lair:3   | HP: 1/104 [harpy (6)]
 20581 | Lair:3   | Mangled by a cane toad

Illustrated notes

Levels and vault maps discovered:
D:1:      wheals_arrival_shading, layout_basic, roderic_serpentine_path
D:2:      layout_loops_corners, hellmonk_ecumenical_altar_blasted, st_stairs_12,
          uniq_robin, uniq_natasha
D:3:      corexii_shack_village, layout_basic
D:4:      layout_loops_ring, minmay_temple_entry_grid, ebering_ghost_sewer_d,
          minmay_box_of_dots, uniq_grinder, uniq_menkaure
D:5:      layout_gridville, nicolae_shop_clearance, uniq_prince_ribbit1
D:6:      layout_cave_pods, serial_shops,
          nicolae_shop_temple_entry_statues_fountains
D:7:      layout_rooms, grunt_temple_overflow_open, lemuel_tele_altar,
          enter_ossuary_3, enter_bailey_8, minmay_crystal_room, uniq_duvessa
D:8:      layout_cave_pools, grunt_lair_entry_orc_guard_hut,
          hangedman_decor_growths
D:9:      layout_loops_ring, david_orc_4, serial_shops,
          nicolae_shop_statue_plus, nicolae_shop_real_fake_doors
D:10:     layout_cave_pools, gammafunk_temple_overflow_wave, serial_gnoll_camp,
          gnoll_camp_mini_doghouse, gnoll_camp_mini_hut, gnoll_camp_mini_hut,
          gnoll_camp_mini_basic, minivault_25, minmay_checkerbox
D:11:     layout_basic, chequers_serial_rivers_large_a, minmay_shattered_shrine,
          uniq_erolcha
D:12:     layout_irregular_city
D:13:     layout_roguey, chequers_serial_rivers_micro_b, nicolae_elemental_shop,
          kennysheep_donut, minmay_misc_feat_doors, nicolae_take_the_stairs,
          uniq_nessos
Lair:1:   layout_regular_city, grunt_megastairs_2
Lair:2:   layout_small_grid, nzn_ghost_randoct
Lair:3:   layout_cellular_growth, nicolae_shoals_entry_roost,
          spider_nest_entry_rubble

Skill      XL: |  1  2  3  4  5  6  7  8  9 10 11 12 13 |
---------------+----------------------------------------+-----
Invocations    | 1 2 3 4 5 6 7 8 9 |  9.2
Short Blades   | 1 2 3 5 6 7 8 |  8.4
Long Blades    | 1 2 3 5 6 7 8 |  8.4
Maces & Flails | 1 2 3 5 6 7 8 |  8.4
Polearms       | 1 2 3 5 6 7 8 |  8.4
Staves         | 1 2 3 5 6 7 8 |  8.4
Ranged Weapons | 1 2 3 5 6 7 8 |  8.4
Throwing       | 1 2 3 5 6 7 8 |  8.4
Dodging        | 1 2 3 5 6 7 8 |  8.4
Stealth        | 1 2 3 5 6 7 8 |  8.4
Unarmed Combat | 1 2 3 5 6 7 8 |  8.4
Spellcasting   | 1 2 3 5 6 7 8 |  8.4
Evocations     | 1 2 3 5 6 7 8 |  8.4
Conjurations   | 1 2 3 4 5 6 7 |  7.0
Hexes          | 1 2 3 4 5 6 7 |  7.0
Summonings     | 1 2 3 4 5 6 7 |  7.0
Necromancy     | 1 2 3 4 5 6 7 |  7.0
Translocations | 1 2 3 4 5 6 7 |  7.0
Transmutations | 1 2 3 4 5 6 7 |  7.0
Fire Magic     | 1 2 3 4 5 6 7 |  7.0
Ice Magic      | 1 2 3 4 5 6 7 |  7.0
Air Magic      | 1 2 3 4 5 6 7 |  7.0
Earth Magic    | 1 2 3 4 5 6 7 |  7.0
Poison Magic   | 1 2 3 4 5 6 7 |  7.0
Axes           | 5 6 7 8 9 |  9.6
Fighting       | 7 8 9 10 | 10.7
Armour         | 7 8 9 10 | 10.7
Shields        | 7 8 9 10 | 10.7

Action                     |  1- 3 |  4- 6 |  7- 9 | 10-12 | 13-15 || total
---------------------------+-------+-------+-------+-------+-------++-------
  Melee: War axe           |    59 |   133 |   253 |   915 |    76 ||  1436
         Bite              |     2 |    16 |    28 |   154 |    14 ||   214
         Dagger            |       |       |       |   120 |     1 ||   121
  Throw: Boomerang         |       |       |    19 |    41 |       ||    60
   Cast: Poisonous Vapours |       |       |       |    35 |     9 ||    44
         Slow              |       |       |       |     9 |     8 ||    17
         Summon Guardian G |       |       |       |       |     5 ||     5
 Invoke: Fiery Armour      |       |     1 |     1 |     2 |       ||     4
         Foxfire Swarm     |       |     1 |     1 |       |       ||     2
Ability: Evoke Blink       |       |       |       |     1 |       ||     1
  Evoke: Wand              |       |       |       |    18 |       ||    18
    Use: Scroll            |       |    10 |    10 |    14 |     2 ||    36
         Potion            |       |       |     2 |    18 |       ||    20
   Stab: Sleeping          |       |       |       |     4 |     1 ||     5
         Distracted        |       |       |       |     1 |       ||     1
         Paralysed         |       |       |       |    22 |       ||    22
         Petrified         |       |       |       |       |     3 ||     3
 Armour: Scale mail        |    23 |    59 |   110 |   377 |       ||   569
         Leather armour    |       |       |       |    60 |    62 ||   122
  Dodge: Dodged            |    31 |    66 |   121 |   557 |    81 ||   856
  Block: Buckler           |    20 |    33 |    77 |   372 |    36 ||   538
